AoeStats
← marc10der

Arabia

510501052Analyzed
1v1 RM · 2d ago on Oct 1, 2026· 32m 0s· 2 players
Game mode
Random Map
Map size
Tiny (2 player)
Population
200
Speed
Normal
Resources
Standard
Victory
Conquest
Starting age
Dark Age
Ending age
Imperial Age
RankedLock teamsTeams togetherTeam positionsShared explorationLock speedFull tech treeHidden civsTurbo modeCheats
Victory
Defeat
🇹🇼 Persians · Taiwan
853
+14
🇨🇭 Japanese · Switzerland
807
-14
marc10der
0:52 Loom
14:31 Feudal Age
17:11 Stone Mining
27:32 Castle Age
25:20 Horse Collar
28:49 Double-Bit Axe
polar366
8:43 Loom
11:28 Feudal Age
12:01 Double-Bit Axe
12:28 Horse Collar
20:05 Fletching
23:32 Castle Age
22:38 Gold Mining
25:37 Forging
25:33 Scale Barding Armor
27:05 Crossbowman
29:01 Wheelbarrow
Connection lost

Rejoining the realm…

Still unreachable

The connection could not be restored.

Session expired

The server has moved on; the page needs a fresh start.